← All builds
Beach sea / Cortex / Economy first / OBSERVED BUILD

Standard beach sea

Cortex Beach sea build order · Supreme Isthmus

The role's usual play: com goes to sea to build a shipyard around 2 minutes, pumping frigates and destroyers to contest enemy sea entry or hold vision, with an advanced metal extractor around 10 minutes as the transition into the team's…

Usually shipyard first (93%)

#naval #eco · 1596 distinct matches · 207 players · 84% of Cortex Beach sea games · team won 55% of 1800 · Recently observed

HOW TO PLAY IT

Key timing: Shipyard by 1:56

  1. Open 3 mex, then send com to sea to build Shipyard by 1:56.
  2. Add tidal generators, wind and more mex to fund the shipyard.
  3. Pump Riptide first, then Oppressor to contest enemy sea entry.
  4. Get T2 constructor out to start scaling the naval economy.
  5. Transition into Advanced Metal Extractor as the economy phase begins.

Phase by phase

TYPICAL OF ITS 1596 GAMES
  1. 1
  2. 2
  3. 3
PLAY THE OPENING

Follow the example game's first 6:00 step by step: what to build now, what comes next, and where it goes. At 1× it keeps pace with your own game.

  1. 1

    Up to the Shipyard

    Economy
    • Metal Extractor3Mex
    • Wind Turbine3Windfor allies
    • Wind Turbine2Wind
    • Energy Storage1Energy storage
    Order
    1. ShipyardShipyard after 3 mex, 2 wind, 1 energy storagedone ~1:56, middle half 1:43–2:07

    Some games also: Guard (30%)

    By 1:39 in all: 3 mex · 2 wind · 1 energy storage

    The example game in this phase · 6 steps
    1. Mex ×3
    2. Wind ×3for Air
    3. Wind ×2
    4. Energy storage
    5. Wind
    6. ShipyardShipyarddone 2:01 · typical 1:56
  2. 2

    Shipyard to 5:00

    Economy
    • Metal Extractor5Mex
    • Tidal Generator2Tidal
    Builders
    • Construction Ship2 Con ship
    Army
    • Riptide2 Frigate
    • Herring1 Missile corvette
    • Oppressor1 Destroyer
    Other
    • Naval Radar / Sonar Tower1 Naval Radar / Sonar Tower

    Some games also: Urchin (46%) · mex (38%) · wind (37%) · submarine (36%) · wind (36%)

    By 5:00 in all: 8 mex · 3 wind · 2 tidal · 1 energy storage

    The example game in this phase · 15 steps
    1. Construction ShipCon ship
    2. OppressorDestroyerdone 2:50 · typical 5:15
    3. Mex
    4. HerringMissile corvette
    5. Mex
    6. Con turret
    7. RiptideFrigatedone 3:39 · typical 3:50
    8. Mex ×2
    9. RiptideFrigate
    10. Naval Radar / Sonar TowerNaval Radar / Sonar Tower
    11. Wind ×3
    12. RiptideFrigate
    13. Wind ×3
    14. Mex
    15. Wind
  3. 3

    5:00 to 10:00

    Economy
    • Metal Extractor1Mex
    • Wind Turbine8Wind
    Builders
    • Construction Ship1 Con ship
    • Death Cavalry1 Death Cavalry
    Army
    • Urchin1 Urchin
    • Riptide5 Frigate
    • Oppressor2 Destroyer
    • Herring2 Missile corvette
    Other
    • Naval Radar / Sonar Tower1 Naval Radar / Sonar Tower

    Some games also: Naval Construction Turret (49%) · Guard (47%) · Radar Tower (40%) · tidal (40%) · wind (34%)

    By 10:00 in all: 9 mex · 10 wind · 4 wind · 4 tidal · 1 energy storage · 1 Naval Construction Turret

    The example game in this phase · 51 steps
    1. RiptideFrigate
    2. Wind ×2
    3. Naval Radar / Sonar TowerNaval Radar / Sonar Tower
    4. SentrySentry
    5. Wind
    6. Death CavalryDeath Cavalry
    7. OppressorDestroyer
    8. Mex
    9. Mex
    10. Wind
    11. OrcaSubmarinedone 7:21
    12. Wind ×5
    13. RiptideFrigate
    14. Wind ×3
    15. RiptideFrigate
    16. Wind ×4
    17. UrchinUrchin
    18. Wind ×7
    19. Death CavalryDeath Cavalry
    20. Wind
    21. Advanced Metal ExtractorT2 mexdone 9:54 · typical 9:59
    22. Wind ×2
    23. Death CavalryDeath Cavalry
    24. Wind
    25. Construction ShipCon ship
    26. Wind ×2
    27. Advanced Metal ExtractorT2 mex
    28. Construction ShipCon ship
    29. Wind
    30. Construction ShipCon ship
    31. OppressorDestroyer
    32. Wind
    33. BeamerBeamer
    34. Con turret
    35. OppressorDestroyer
    36. BeamerBeamer
    37. OppressorDestroyer
    38. BeamerBeamer
    39. Advanced Metal ExtractorT2 mex
    40. OppressorDestroyer ×2
    41. Advanced Metal ExtractorT2 mex
    42. ShipyardEat Shipyardreclaimed for its metal
    43. Naval Construction Turret ×2
    44. Advanced ShipyardAdvanced Shipyarddone 13:55
    45. Fusion ReactorFusionnot finished by 15:00
    46. Advanced Construction SubAdvanced Construction Sub
    47. DespotBattleshipnot finished by 15:00
    48. Naval Advanced Metal ExtractorNaval Advanced Metal Extractordone 14:52
    49. BuccaneerCruisernot finished by 15:00
    50. PredatorAssault submarine ×2not finished by 15:00
    51. Naval Advanced Metal ExtractorNaval Advanced Metal Extractor

Counts are medians over the build's games: half of them build more, half fewer. The example game is ObeIix's (31 OS, 11/10/2026); pick another.

Team trades

IN AT LEAST 30% OF ITS GAMES

You hand over

  • Wind Turbine3 Wind to Airfirst at 1:45 · in 77% of games

You get

  • Finch1 Finch from Airfirst at 2:00 · in 80% of games
  • Lazarus1 Lazarus from Geofirst at 2:13 · in 63% of games
  • Hephaestus1 Heavy transport from Airfirst at 2:16 · in 65% of games
  • Construction Bot1 Con bot from Geofirst at 2:26 · in 70% of games
  • Hercules1 Light transport from Airfirst at 2:34 · in 32% of games
  • Advanced Construction Bot1 T2 con bot from Techfirst at 8:08 · in 89% of games

How it plays out

Typical game of this build, running totals by minute

Metal produced

010k20k30k
0:005:0010:0015:00

metal

Enemy metal destroyed

05k10k
0:005:0010:0015:00

metal

Own metal lost

02.5k5k7.5k
0:005:0010:0015:00

metal

1800 games.

Show as table
ByMetal produced: This buildEnemy metal destroyed: This buildOwn metal lost: This build
1:0040300
2:0093700
3:00155300
4:002540051
5:003717176101
6:005049486280
7:006492974592
8:00807216611001
9:00967826121536
10:001153637182324
11:001368547433108
12:001624658263866
13:001894068774637
14:002167279205673
15:002456088526521
WHAT THE NUMBERS SAY

Standard Beach sea play has the lowest team win rate of these builds and destroys far less enemy metal early than it loses eco time.

  • + Metal produced climbs to 24945 by 15:00, the highest of all six roles.
  • + Riptide and Oppressor together make 63% of army, a focused naval composition.
  • − Enemy metal destroyed is only 200 by 5:00, barely contesting early sea.
  • − T2 factory only reached in 35% of games, behind other roles' T2 timing.
THE EXAMPLE YOU ARE READING

ObeIix

30.6 OS · 11/10/2026

Open source match ↗

5 received units · includes a constructor
2697 metal received · 21014 energy received

Allied construction assistance is unknown. Timings are observations, not a promise of solo reproducibility.

Typical milestones

Shipyard1:56Middle 50%: 1:43–2:07 · n=1797
Riptide3:50Middle 50%: 3:12–4:34 · n=1754
Oppressor5:15Middle 50%: 4:29–6:07 · n=1733
Advanced Metal Extractor9:59Middle 50%: 9:17–10:54 · n=1522

Played most by

EpicTyrannus120games of this buildDamsko69games of this buildKbot_my_Ahole67games of this buildWaboum64games of this buildfanboi63games of this build